details: 'microooooo'

« prev index next »

General information

Mini Map

Players

team 1
Humaneducation (pink | 97 APM | 1208 actions | 12:24)
Hero icon 1 Blood Mage
Ability icon 1 Flame Strike

» actions
Assign group hotkey28
Basic commands32
Build / train34
ESC pressed2
Enter build submenu18
Enter hero's abilities submenu1
Right click600
Select / deselect244
Select group hotkey226
Use ability23
1208 total
» units
Peasant5
Footman25
30 total
» buildings
Barracks2
Farm10
Altar of Kings1
Arcane Vault1
Keep1
Blacksmith1
16 total
» build order
00:19 Barracks
00:33 Barracks
01:18 Farm
01:21 Farm
01:39 Farm
02:09 Farm
02:58 Altar of Kings
03:53 Farm
04:07 Farm
04:20 Arcane Vault
04:42 Farm
05:33 Farm
05:37 Farm
06:15 Farm
10:05 Keep
11:36 Blacksmith
» items
Scroll of Regeneration1
1 total
team 2
Undeadclustercluck1 (teal | 117 APM | 1456 actions | 12:25)
Hero icon 4 Death Knight
Ability icon 2 Death Coil
Ability icon 2 Unholy Aura
Hero icon 1 Lich
Ability icon 1 Frost Nova

» actions
Assign group hotkey19
Basic commands1
Build / train39
Enter build submenu9
Enter hero's abilities submenu5
Remove unit from queue4
Right click756
Select / deselect131
Select group hotkey440
Use ability52
1456 total
» units
Acolyte3
Ghoul5
Crypt Fiend6
14 total
» buildings
Altar of Darkness1
Ziggurat3
Crypt1
Tomb of Relics1
Graveyard1
Halls of the Dead4
Black Citadel2
Nerubian Tower2
Sacrificial Pit1
16 total
» build order
00:05 Altar of Darkness
00:06 Ziggurat
00:38 Crypt
00:52 Tomb of Relics
01:19 Graveyard
02:16 Ziggurat
03:02 Halls of the Dead
03:02 Halls of the Dead
03:03 Halls of the Dead
03:46 Ziggurat
06:10 Black Citadel
06:21 Nerubian Tower
06:26 Sacrificial Pit
10:27 Nerubian Tower
11:41 Black Citadel
» items
Rod of Necromancy2
Potion of Healing1
Potion of Mana2
5 total